cohdb
Replays
Latest Replays
All Replays
Popular Replays
Top Player Replays
Match Explorer
How It Works
Community
CoH3 Stats
Reddit
Sign in to upload your games and track your stats! →
Sign in with Steam
Match 45389722
Unlisted
Match 45389722
Overview
Messages
Build Orders
End
Kradschützen Motorcycle Team
Panzergrenadier Squad
Panzergrenadier Squad
Construct Light Support Kompanie
Selects Battlefield Espionage Battlegroup
Selects Sector Subterfuge Beacon
250 Light Carrier
Fire Support Elements
Selects Plunder
Assault Mechanized Group
Pak 38 Anti-tank Gun Team
2.5-tonne Medical Truck
Selects 250/3 Funkpanzerwagen
Selects Anti-Tank Incendiary Munitions
le.IG 18 Support Gun Team
Panzerpioneer Squad
Pak 38 Mechanized Group
Construct Panzerarmee Kommand
Combat Half-tracks
Pak 38 Anti-tank Gun Team
Selects Firestorm
Firestorm
Panzer III L Medium Tank
Firestorm
Emergency Repair Kits
Vehicle Survival Package
Armored Reserves
Firestorm
Tiger Heavy Tank
Firestorm
250 Light Carrier
Pak 38 Anti-tank Gun Team
Rapid Advance
Firestorm
Flak 36 Anti-tank Gun Team
Firestorm
Assault Grenadier Squad
Rolling9Deep
감귤
pagep
7k this year for sure
0
0
Comments
sign in to comment!
No comments posted yet!